 Dungeon Crawl Stone Soup version 0.26.1-2-gb8aa6d0cf2 (webtiles) character file.

Game seed: 6267712123369544432

1224 Gadfly the Schismatic (level 8, -2/56 (61) HPs)
             Began as a Formicid Abyssal Knight on Mar 2, 2021.
             Was an Elder of Lugonu.
             Slain by a bullfrog (9 damage)
             ... on level 6 of the Dungeon.
             The game lasted 00:08:24 (7309 turns).

Gadfly the Schismatic (Formicid Abyssal Knight)     Turns: 7309, Time: 00:08:25

HP:   -2/56 (61)    AC:  0    Str: 24    XL:     8   Next: 76%
MP:   11/12         EV: 10    Int: 13    God:    Lugonu [****..]
Gold: 238           SH:  0    Dex: 16    Spells: 7/7 levels left

rFire    + . .     SeeInvis +   b - +5 dagger (venom)
rCold    x . .     Faith    .   (no shield)
rNeg     + . .     Spirit   .   p - +0 scale mail {rPois}
rPois    +         Reflect  .   (helmet unavailable)
rElec    .         Harm     .   (no cloak)
rCorr    .         Rampage  .   (no gloves)
Will     .....     Clarity  +   (no boots)
Stlth    ..........             (no amulet)
HPRegen  0.18/turn              t - ring of Temptation {Fire rN+ Str+4}
MPRegen  0.13/turn              o - +6 ring of dexterity

@: corroded, drained
A: permanent stasis, dig shafts and tunnels, four strong arms, antennae 3,
clarity, mutation resistance 1, strong 1
a: Dig, Shaft Self, Renounce Religion, Depart the Abyss, Bend Space, Banish,
Corrupt


You were on level 6 of the Dungeon.
You worshipped Lugonu.
Lugonu was greatly pleased with you.
You visited 1 branch of the dungeon, and saw 6 of its levels.
You visited the Abyss 1 time.

You collected 238 gold pieces.

Inventory:

Hand Weapons
 a - a +0 flail
 b - a +5 dagger of venom (weapon)
 l - a +2 short sword of draining
 m - a +1 vampiric whip
Armour
 p - a +0 scale mail of poison resistance (worn)
Jewellery
 o - a +6 ring of dexterity (right hand)
 q - an uncursed ring of resist corrosion
 t - the ring of Temptation (left hand) {Fire rN+ Str+4}
   (You found it on level 5 of the Dungeon)

   [ring of fire]

   It enhances your fire magic.
   It affects your strength (+4).
   It protects you from fire.
   It makes you vulnerable to cold.
   It protects you from negative energy.
Wands
 e - a wand of paralysis (8)
Scrolls
 h - 3 scrolls of remove curse
 k - 2 scrolls of enchant armour
 n - a scroll of magic mapping
 r - 5 scrolls of identify
 u - 2 scrolls of enchant weapon
Potions
 c - 3 potions of attraction
 d - a potion of curing
 f - 2 potions of heal wounds
 g - 2 potions of ambrosia
 i - a potion of lignification
 j - a potion of mutation
 s - a potion of flight
 v - a potion of resistance


   Skills:
 + Level 4.5 Fighting
 * Level 5.1 Maces & Flails
 + Level 4.4 Armour
 - Level 0.8 Dodging
 + Level 4.7 Shields
 + Level 5.3 Invocations
 + Level 4.5 Evocations


You had 7 spell levels left.
You didn't know any spells.
Your spell library contained the following spells:

 Spells                   Type           Power        Failure   Level
 Beastly Appendage        Tmut           0%           58%         1
 Corona                   Hex            0%           58%         1
 Ensorcelled Hibernation  Hex/Ice        0%           73%         2
 Wereblood                Tmut           0%           73%         2
 Confusing Touch          Hex            0%           91%         3
 Dazzling Flash           Conj/Hex       0%           91%         3
 Spider Form              Tmut/Pois      0%           91%         3
 Tukima's Dance           Hex            0%           91%         3
 Ice Form                 Ice/Tmut       0%           100%        4
 Blade Hands              Tmut           0%           100%        5


Dungeon Overview and Level Annotations

Branches:
Dungeon (6/15)
 Temple: D:4-7

Altars:
Ashenzari
Dithmenos
Fedhas
Makhleb
Uskayaw
Wu Jian
Yredelemnul

Annotations:
D:3 2 transporters


Innate Abilities, Weirdness & Mutations

You cannot be hasted, slowed, berserked, paralysed or teleported.
You can dig through walls and to a lower floor.
Your four strong arms can wield two-handed weapons with a shield.
You have a pair of large antennae on your head. (SInv)
You possess an exceptional clarity of mind.
You are somewhat resistant to further mutation.
Your muscles are strong. (Str +2)


Message History

You are too injured to fight recklessly!
You are too injured to fight recklessly!
You are too injured to fight recklessly!
You are too injured to fight recklessly!
You are too injured to fight recklessly!
You are too injured to fight recklessly!
You are too injured to fight recklessly!
You hit the bullfrog.
The bullfrog is poisoned.
The bullfrog is lightly wounded.
The bullfrog hits you.
You hit the bullfrog.
The bullfrog looks as sick as possible!
The bullfrog is moderately wounded.
The bullfrog hits you. x2
* * * LOW HITPOINT WARNING * * *
You hit the bullfrog but do no damage.
The bullfrog is moderately wounded.
The bullfrog hits you!
* * * LOW HITPOINT WARNING * * *
The bullfrog hits you!
You die...

# #.# ≈≈≈≈;≈? #> #.##
..≈≈≈≈≈≈. #.#####..
≈≈≈≈≈≈≈( #.......#
≈≈≈#≈≈#≈
#.......####+##≈≈≈≈≈≈[
#.............≈≈≈≈≈.
#............#≈≈≈#≈.
#..F...........≈≈≈≈≈
#..@........##.#.≈≈≈
...."#+###########..#
≈≈ #.## #.#####
#.#####......
...!.....####
..####...# # #.....!#
#.#.###..# #.#.###..#


You could see a bullfrog (extremely poisoned).

Vanquished Creatures
  Sigmund (D:4)
  Eustachio (D:4)
  A sky beast (D:5)
  A phantom (D:4)
  A necrophage (D:5)
  A centaur (D:5)
  A water moccasin skeleton (D:4)
  2 wights (D:6)
  A hound (D:4)
  A jelly (D:6)
  2 orc priests (D:4)
  3 orc wizards
  A centaur skeleton (D:4)
  Robin (D:4)
  8 adders
  2 oozes (D:1)
  2 worms (D:2)
  3 dart slugs
  3 leopard geckos
  19 orcs
  8 bats
  3 giant cockroaches (D:1)
  21 goblins
  10 hobgoblins
  4 jackals
  3 quokkas
  A ball python (D:3)
  3 frilled lizards
  A jackal skeleton (D:5)
  7 kobolds
  A leopard gecko skeleton (D:4)
  A quokka skeleton (D:4)
  2 rats
120 creatures vanquished.

Notes
Turn   | Place    | Note
-------+----------+-------------------------------------------
     0 | Abyss:1  | Gadfly the Formicid Abyssal Knight began the quest for the
                  | Orb.
     0 | Abyss:1  | Reached XP level 1. HP: 18/18 MP: 2/2
   124 | Abyss:1  | Noticed a fire bat
   125 | Abyss:1  | Noticed a fire bat
   128 | D:1      | Escaped the Abyss
   597 | D:1      | Reached XP level 2. HP: 24/24 MP: 3/3
   628 | D:1      | Reached skill level 1 in Evocations
   883 | D:1      | Reached XP level 3. HP: 15/29 MP: 4/4
  1202 | D:1      | Reached ** piety under Lugonu
  1713 | D:2      | Reached skill level 1 in Shields
  1713 | D:2      | Reached XP level 4. HP: 28/35 MP: 3/6
  1874 | D:2      | Found a burning altar of Makhleb.
  2937 | D:3      | Reached XP level 5. HP: 40/41 MP: 7/7
  3503 | D:3      | Reached *** piety under Lugonu
  3587 | D:3      | Reached XP level 6. HP: 42/47 MP: 8/8
  3699 | D:3      | Found a basalt altar of Yredelemnul.
  3700 | D:3      | Found a transporter.
  3700 | D:3      | Found a broken altar of Ashenzari.
  3704 | D:3      | Found a transporter.
  3718 | D:3      | Found a shadowy altar of Dithmenos.
  3813 | D:3      | Found a blossoming altar of Fedhas.
  3921 | D:4      | Noticed a phantom
  3951 | D:4      | Killed a phantom
  4147 | D:4      | Noticed Robin
  4174 | D:4      | Killed Robin
  4528 | D:4      | Noticed Sigmund
  4538 | D:4      | Killed Sigmund
  4539 | D:4      | Reached XP level 7. HP: 42/53 MP: 8/10
  4634 | D:4      | Noticed Eustachio
  4651 | D:4      | Killed Eustachio
  4978 | D:4      | Reached XP level 8. HP: 15/60 MP: 11/11
  5261 | D:4      | Found an ornate altar of the Wu Jian Council.
  6063 | D:4      | Gained mutation: Your muscles are strong. (Str +2) [potion
                  | of mutation]
  6063 | D:4      | Gained mutation: You possess an exceptional clarity of
                  | mind. [potion of mutation]
  6063 | D:4      | Gained mutation: You are somewhat resistant to further
                  | mutation. [potion of mutation]
  6082 | D:5      | Entered Level 5 of the Dungeon
  6163 | D:5      | Found a hide-covered altar of Uskayaw.
  6179 | D:5      | Got a twitching turquoise ring
  6275 | D:5      | Identified the ring of Temptation {Fire rN+ Str+4} (You
                  | found it on level 5 of the Dungeon)
  6349 | D:5      | Reached skill level 5 in Invocations
  6998 | D:6      | Reached skill level 5 in Maces & Flails
  7005 | D:6      | Reached **** piety under Lugonu
  7309 | D:6      | Slain by a bullfrog

Illustrated notes

Levels and vault maps discovered:
D:1:      dpeg_arrival_stone_temple_mockup, layout_rooms
D:2:      layout_rooms, nicolae_overflow_hidden_temple
D:3:      layout_rooms, fedhas_altar_4, gammafunk_temple_overflow_arena
D:4:      minmay_razor_zed, layout_layer_cave, nicolae_overflow_crystal_walls,
          uniq_robin, uniq_sigmund, uniq_eustachio
D:5:      layout_basic, lemuel_crystal_altar
D:6:      kennysheep_slugbush, layout_basic, uniq_menkaure

Skill      XL: |  1  2  3  4  5  6  7  8 |
---------------+-------------------------+-----
Evocations     | 1 2 3 4 |  4.5
Shields        | 1 2 3 4 |  4.7
Invocations    | 3 4 5 |  5.3
Armour         | 3 4 |  4.4
Maces & Flails | 3 4 5 |  5.1
Fighting       | 4 |  4.5
Dodging        | |  0.8

Action                   |  1- 3 |  4- 6 |  7- 9 || total
-------------------------+-------+-------+-------++-------
Melee: Mace              |    97 |    51 |       ||   148
       Dagger            |       |   137 |   138 ||   275
       Flail             |       |       |     5 ||     5
Invok: Bend Space        |     1 |       |     1 ||     2
 Abil: Dig               |     1 |     2 |       ||     3
  Use: Scroll            |     5 |     8 |     2 ||    15
       Potion            |       |     1 |     3 ||     4
Armor: Leather armour    |    39 |    30 |       ||    69
       Scale mail        |       |    17 |    61 ||    78
Dodge: Dodged            |    83 |    97 |    67 ||   247
